 Dungeon Crawl Stone Soup version 0.17.0-7-gfadd4cc (console) character file.

42 gw the Chiller (level 3, -2/18 HPs)
             Began as a Vine Stalker Ice Elementalist on Nov 9, 2015.
             Killed from afar by Sigmund (7 damage)
             ... with a puff of flame
             ... on level 2 of the Dungeon.
             The game lasted 00:01:25 (2102 turns).

gw the Chiller (Vine Stalker Ice Elementalist)      Turns: 2102, Time: 00:01:26

Health: -2/18      AC:  2    Str: 10    XL:     3   Next: 56%
Magic:  0/8        EV: 12    Int: 16    God:
Gold:   66         SH:  0    Dex: 14    Spells: 3 memorised, 2 levels left

rFire  . . .     SeeInvis .     f - -2 dagger (curse)
rCold  . . .     Clarity  .     a - +0 robe
rNeg   . . .     SustAt   .     (no shield)
rPois  .         Gourm    .     (no helmet)
rElec  .         Spirit   +     (no cloak)
rCorr  .         Warding  .     (no gloves)
rMut   .         Stasis   .     (no boots)
MR     .....                    (no amulet)
Stlth  ++........               (no ring)
                                (no ring)

@: very slightly contaminated, not resistant to hostile enchantments, unstealthy
A: fangs 2, regeneration 1, magic shield, antimagic bite, no device heal 3, rot
immunity
a: no special abilities


You were on level 2 of the Dungeon.
You were hungry.

You visited 1 branch of the dungeon, and saw 2 of its levels.

You collected 66 gold pieces.

Inventory:

Hand Weapons
 b - a +0 short sword
 f - a cursed -2 dagger (weapon)
Missiles
 e - 38 stones (quivered)
Armour
 a - a +0 robe (worn)
Books
 d - a book of Frost

   Spells                             Type                      Level
   a - Freeze                         Ice                          1
   b - Throw Frost                    Conjuration/Ice              2
   c - Ozocubu's Armour               Charms/Ice                   3
   d - Throw Icicle                   Conjuration/Ice              4
   e - Summon Ice Beast               Ice/Summoning                4
   f - Condensation Shield            Ice                          4
Comestibles
 c - a bread ration


   Skills:
 + Level 1.0 Fighting
 + Level 0.3 Short Blades
 + Level 1.9 Dodging
 - Level 2.4 Stealth
 * Level 3.0 Spellcasting
 - Level 1.0 Conjurations
 + Level 3.2 Ice Magic


You had 2 spell levels left.
You knew the following spells:

 Your Spells              Type           Power        Failure   Level  Hunger
a - Freeze                Ice            ##..         6%          1    #......
b - Throw Frost           Conj/Ice       #.....       14%         2    ##.....
c - Ozocubu's Armour      Chrm/Ice       #.......     34%         3    ###....


Dungeon Overview and Level Annotations

Branches:
Dungeon (2/15)

Altars:

Annotations:
D:2 Sigmund


Innate Abilities, Weirdness & Mutations

You have extremely sharp teeth.
Your natural rate of healing is unusually fast.
When hurt, damage is shared between your health and your magic reserves.
Your bite disrupts and absorbs the magic of your enemies.
Potions and wands cannot restore your health.
You are immune to rotting.


Message History

Unknown command.
Unknown command.
Unknown command.
ATTACK MOVE TO (-1,0)
A rat comes into view.
Unknown command.
Unknown command.
Unknown command.
Unknown command.
MOVING TO (-7,0)
You are feeling hungry.
Sigmund points at you and mumbles some strange words.
You resist with some effort.
Unknown command.
Unknown command.
Unknown command.
MOVING TO (-6,0) Sigmund gestures at you while chanting.
The puff of flame hits you!
You die...

#.# #.# #.# #.# #.#
#.#
..##.#########.#####
.......f...........#
.r....@........###.#
..####.######..# #.#
#. #..# #.# #. #..#
#.# .. #... #.# ##
...!.#.# .....#.##
#.....#..#


You could see Sigmund and a rat (wandering).

Table legend:
 A = Turns spent in this place as a percentage of turns spent in the entire game.
 B = Non-inter-level travel turns spent in this place as a percentage of non-inter-level travel turns spent in the entire game.
 C = Inter-level travel turns spent in this place as a percentage of turns spent in this place.
 D = Turns resting spent in this place as a percentage of non-inter-level travel turns spent in this place.
 E = Turns spent auto-exploring this place as a percentage of non-inter-level travel turns spent in this place.
 F = Non-inter-level travel turns spent in this place divided by the number of levels of this place that you've seen.
                   A       B       C       D       E      F
               +-------+-------+-------+-------+-------+----------------------
         Total | 100.0 | 100.0 |   0.8 |   2.9 |   2.5 | 1046.5
       Dungeon | 100.0 | 100.0 |   0.8 |   2.9 |   2.5 | 1046.5
               +-------+-------+-------+-------+-------+----------------------

Table legend:
 A = Kills in this place as a percentage of kills in entire the game.
 B = Kills by you in this place as a percentage of kills by you in the entire game.
 C = Kills by friends in this place as a percentage of kills by friends in the entire game.
 D = Other kills in this place as a percentage of other kills in the entire game.
 E = Experience gained in this place as a percentage of experience gained in the entire game.
 F = Experience gained in this place divided by the number of levels of this place that you have seen.
                   A       B       C       D       E      F
               +-------+-------+-------+-------+-------+----------------------
         Total | 100.0 | 100.0 |  -nan |  -nan | 100.0 |  30.5
       Dungeon | 100.0 | 100.0 |  -nan |  -nan | 100.0 |  30.5
               +-------+-------+-------+-------+-------+----------------------

Vanquished Creatures
  An adder (D:2)
  A worm (D:2)
  5 bats
  A giant cockroach (D:1)
  4 hobgoblins
  4 jackals (D:1)
  3 kobolds (D:1)
  2 giant newts (D:1)
  7 goblins
28 creatures vanquished.

Notes
Turn   | Place    | Note
--------------------------------------------------------------
     0 | D:1      | gw the Vine Stalker Ice Elementalist began the quest for the Orb.
     0 | D:1      | Reached XP level 1. HP: 9/9 MP: 4/4
   335 | D:1      | Reached XP level 2. HP: 13/13 MP: 6/6
   339 | D:1      | Learned a level 2 spell: Throw Frost
  1390 | D:1      | Reached XP level 3. HP: 17/17 MP: 5/8
  1508 | D:1      | Learned a level 3 spell: Ozocubu's Armour
  2058 | D:2      | Reached skill level 1 in Fighting
  2095 | D:2      | Noticed Sigmund
  2102 | D:2      | Killed from afar by Sigmund

Action                   || total
-------------------------++-------
Melee: Dagger            ||     7
Throw: Stone             ||    26
 Cast: Freeze            ||    24
       Throw Frost       ||    28
  Eat: Chunk             ||     5

Vault maps used:
D:1:      kilobyte_arrival_exit_the_forest
D:2:      uniq_sigmund
